 Dungeon Crawl Stone Soup version 0.19-a0-1899-g2d93087 (webtiles) character file.

345 JeffiDaFish the Skirmisher (level 6, -6/53 HPs)
             Began as a Hill Orc Fighter on Oct 19, 2016.
             Mangled by Pikel
             ... wielding a +0 whip of electrocution
              (19 damage)
             ... on level 4 of the Dungeon.
             The game lasted 00:09:12 (3307 turns).

JeffiDaFish the Skirmisher (Hill Orc Fighter)       Turns: 3307, Time: 00:09:13

Health: -6/53      AC:  9    Str: 21    XL:     6   Next: 58%
Magic:  7/7        EV:  7    Int:  8    God:
Gold:   153        SH: 10    Dex: 13    Spells: 1 memorised, 5 levels left

rFire  + . .     SeeInvis +     a - +0 flail
rCold  . . .     Gourm    .     b - +0 scale mail
rNeg   . . .     Faith    .     c - +0 shield
rPois  .         Spirit   .     (no helmet)
rElec  .         Reflect  .     (no cloak)
rCorr  .         Harm     .     j - +1 pair of gloves {Dex+3}
MR     .....                    (no boots)
Stlth  ..........               (no amulet)
                                e - ring of protection from fire
                                n - ring of see invisible

@: no status effects
A: no striking features
a: no special abilities


You were on level 4 of the Dungeon.
You were not hungry.

You visited 1 branch of the dungeon, and saw 4 of its levels.

You collected 153 gold pieces.

Inventory:

Hand Weapons
 a - a +0 flail (weapon)
Armour
 b - a +0 scale mail (worn)
 c - a +0 shield (worn)
 j - a +1 pair of gloves of dexterity (worn)
Jewellery
 e - a ring of protection from fire (right hand)
 m - an uncursed ring of stealth
 n - a ring of see invisible (left hand)
Scrolls
 g - 2 scrolls of remove curse
 i - 2 scrolls of identify
 p - a scroll of teleportation
Potions
 d - 2 potions of might
Books
 k - a book of Changes

   Spells                             Type                      Level
   a - Beastly Appendage              Transmutation                1
   b - Sticks to Snakes               Transmutation                2
   c - Spider Form                    Transmutation/Poison         3
   d - Ice Form                       Ice/Transmutation            4
   e - Blade Hands                    Transmutation                5
Comestibles
 f - 3 bread rations
 h - a beef jerky
 l - 5 fruits
 o - a royal jelly


   Skills:
 + Level 4.7 Fighting
 + Level 3.8 Maces & Flails
 + Level 4.5 Armour
 - Level 0.2 Dodging
 - Level 0.3 Stealth
 + Level 4.6 Shields
 + Level 1.0 Spellcasting
 + Level 1.2 Transmutations


You had 5 spell levels left.
You knew the following spells:

 Your Spells              Type           Power        Failure   Level  Hunger
a - Sticks to Snakes      Tmut           #.......     100%        2    ###....


Dungeon Overview and Level Annotations

Branches:
Dungeon (4/15)
 Temple: D:4-7

Altars:
Cheibriados
Kikubaaqudgha
Xom

Annotations:
D:4 Pikel


Message History

Pikel is lightly wounded.
Pikel says, "Why not give it a go?
You'll get fed.
Maybe."
You block Pikel's attack.
You barely miss Pikel.
Pikel is lightly wounded.
You block Pikel's attack. Pikel hits you but does no damage.
You are electrocuted!
* * * LOW HITPOINT WARNING * * *
You are too injured to fight recklessly!
You are too injured to fight recklessly!
You hit Pikel but do no damage.
Pikel is lightly wounded.
Pikel hits you but does no damage.
You closely miss Pikel.
Pikel is lightly wounded.
Pikel closely misses you.
Your shield and scale mail prevent you from hitting Pikel.
Pikel is lightly wounded.
Pikel hits you but does no damage.
You are electrocuted!
You die...

........+ .
........# .##
.......## ..#
#.....## #.#
##...## # #p# #
#+## #.##o##.#
###.#####
#..ppp..#
....#...##
####K####
.........## #@#
##.......)######.#
.[...............#
.#.###############
##.# ...# ...#
#.... #....


You could see Pikel, 4 slaves and an orc.

Vanquished Creatures
  A hound (D:4)
  A bullfrog skeleton (D:4)
  2 orc wizards (D:3)
  Ijyb (D:3)
  Natasha (D:4)
  A worker ant (D:4)
  A hound skeleton (D:4)
  5 adders
  An ooze (D:1)
  2 worms
  3 dart slugs
  2 leopard geckos (D:1)
  9 orcs
  4 giant cockroaches
  5 goblins
  10 hobgoblins
  2 jackals (D:4)
  9 kobolds
  2 quokkas (D:3)
  5 bats
  5 frilled lizards
  6 rats
78 creatures vanquished.

Notes
Turn   | Place    | Note
-------+----------+-------------------------------------------
     0 | D:1      | JeffiDaFish the Hill Orc Fighter began the quest for the Orb.
     0 | D:1      | Reached XP level 1. HP: 19/19 MP: 1/1
   161 | D:1      | Reached XP level 2. HP: 27/27 MP: 2/2
   366 | D:1      | Reached XP level 3. HP: 28/33 MP: 3/3
   913 | D:2      | Reached XP level 4. HP: 17/40 MP: 4/4
  1520 | D:3      | Learned a level 2 spell: Sticks to Snakes
  1642 | D:3      | Noticed Ijyb
  1666 | D:3      | Killed Ijyb
  1705 | D:3      | Reached XP level 5. HP: 46/46 MP: 5/5
  1855 | D:3      | Found an ancient bone altar of Kikubaaqudgha.
  2068 | D:3      | Found a shimmering altar of Xom.
  2068 | D:3      | Found a faded altar of an unknown god.
  2074 | D:3      | Found a faded altar of an unknown god.
  2076 | D:3      | Found a faded altar of an unknown god.
  2078 | D:3      | Found a faded altar of an unknown god.
  2260 | D:4      | Reached XP level 6. HP: 48/53 MP: 5/7
  2394 | D:4      | Noticed Natasha
  2406 | D:4      | Killed Natasha
  2583 | D:4      | Reached skill level 1 in Spellcasting
  2583 | D:4      | Reached skill level 1 in Transmutations
  2638 | D:4      | Found a snail-covered altar of Cheibriados.
  3288 | D:4      | Noticed a slave
  3289 | D:4      | Noticed a slave
  3290 | D:4      | Noticed Pikel
  3290 | D:4      | Noticed a slave
  3293 | D:4      | Noticed a slave
  3307 | D:4      | Mangled by Pikel

Vault maps used:
D:1:      minmay_arrival_glassed_features
D:2:      first_bread
D:3:      old_standard_altar, chequers_temple_overflow_minitemple, uniq_iyjb
D:4:      cheibriados_altar_1, uniq_pikel, uniq_natasha, uniq_crazy_yiuf_cottage

Skill      XL: |  1  2  3  4  5  6 |
---------------+-------------------+-----
Fighting       | 4 |  4.7
Maces & Flails | 3 |  3.8
Shields        | 4 |  4.6
Armour         | 4 |  4.5
Spellcasting   | 1 |  1.0
Transmutations | 1 |  1.2
Dodging        | |  0.2
Stealth        | |  0.3

Action                   |  1- 3 |  4- 6 || total
-------------------------+-------+-------++-------
Melee: Flail             |   138 |   230 ||   368
  Use: Scroll            |     3 |     3 ||     6
       Potion            |       |     4 ||     4
  Eat: Chunk             |       |     6 ||     6
       Royal jelly       |       |     1 ||     1
       Fruit             |       |     1 ||     1
Armor: Scale mail        |    57 |   126 ||   183
Dodge: Dodged            |    54 |    61 ||   115
Block: Shield            |    79 |   132 ||   211
